 Dungeon Crawl Stone Soup version 0.21.1-1-g345015fe64 (webtiles) character file.

128 DildoBatman the Sneak (level 5, -7/41 HPs)
             Began as a Formicid Enchanter on Apr 4, 2018.
             Splashed by a jelly's acid (10 damage)
             ... on level 3 of the Dungeon.
             The game lasted 00:08:06 (3123 turns).

DildoBatman the Sneak (Formicid Enchanter)          Turns: 3123, Time: 00:08:07

Health: -7/41      AC:  0    Str: 19    XL:     5   Next: 34%
Magic:  7/8        EV: 11    Int: 14    God:
Gold:   111        SH:  0    Dex: 11    Spells: 4/8 levels left

rFire    . . .     SeeInvis +   a - +0 mace (protect)
rCold    . . .     Gourm    .   (no shield)
rNeg     . . .     Faith    .   t - +0 ring mail
rPois    .         Spirit   .   (helmet unavailable)
rElec    .         Reflect  .   (no cloak)
rCorr    .         Harm     .   (no gloves)
MR       .....                  (no boots)
Stlth    ++........             (no amulet)
HPRegen  0.13/turn              n - ring of wizardry
MPRegen  0.11/turn              B - +5 ring of strength

@: corroded, protection aura
A: permanent stasis, dig shafts and tunnels, four strong arms, antennae 3
a: Dig, Shaft Self


You were on level 3 of the Dungeon.
You were not hungry.

You visited 1 branch of the dungeon, and saw 4 of its levels.

You collected 111 gold pieces.

Inventory:

Hand Weapons
 a - a +0 mace of protection (weapon)
 b - a +1 whip of flaming
 y - a +1 dagger
Missiles
 j - 103 stones (quivered)
 l - 37 arrows
 o - 15 sling bullets
 q - 2 throwing nets
Armour
 t - a +0 ring mail (worn)
 D - a +0 scale mail of fire resistance
Jewellery
 n - a ring of wizardry (left hand)
 A - an uncursed ring of flight
 B - a +5 ring of strength (right hand)
Wands
 k - a wand of polymorph (13)
Scrolls
 d - a scroll of immolation {unknown}
 i - 3 scrolls of identify {unknown}
 m - 3 scrolls of remove curse {unknown}
 p - a scroll of teleportation {unknown}
 s - a scroll of amnesia {unknown}
 u - a scroll of enchant armour {unknown}
 x - 2 scrolls of magic mapping {unknown}
 z - a scroll of random uselessness {unknown}
Potions
 e - 3 potions of heal wounds {unknown}
 f - a potion of curing {unknown}
 g - 2 potions of magic {unknown}
 h - 2 potions of resistance {unknown}
 r - a potion of mutation {unknown}
 w - a potion of degeneration {unknown}
Books
 c - a book of Maledictions

   Spells                             Type                      Level
   a - Corona                         Hexes                        1
   b - Ensorcelled Hibernation        Hexes/Ice                    2
   c - Confuse                        Hexes                        3
   d - Tukima's Dance                 Hexes                        3
   e - Dazzling Spray                 Conjuration/Hexes            3
Comestibles
 v - 8 rations
 C - 7 chunks of flesh


   Skills:
 * Level 3.1 Fighting
 - Level 1.0 Short Blades
 - Level 3.0 Armour
 - Level 2.0 Dodging
 - Level 4.3 Stealth
 - Level 2.1 Spellcasting
 - Level 3.6 Hexes


You had 4 spell levels left.
You knew the following spells:

 Your Spells              Type           Power        Failure   Level  Hunger
a - Corona                Hex            ##.....      3%          1    #......
b - Confuse               Hex            ##......     11%         3    ###....


Dungeon Overview and Level Annotations

Branches:
Dungeon (4/15)
 Temple: D:4-7

Altars:
Elyvilon
Ru


Innate Abilities, Weirdness & Mutations

You cannot be hasted, slowed, berserked, paralysed or teleported.
You can dig through walls and to a lower floor.
Your four strong arms can wield two-handed weapons with a shield.
You have a pair of large antennae on your head. (SInv)


Message History

Your hands burn!
The jelly is almost dead.
The jelly stops glowing.
The jelly hits you.
You are splashed with acid!
The acid burns!
You hit the jelly but do no damage.
Your hands burn!
The jelly is almost dead.
The jelly barely misses you.
The jelly jiggles.
The jelly closely misses you.
You hit the jelly but do no damage.
Your hands burn!
The jelly is almost dead.
The jelly hits you. The acid corrodes you!
You are splashed with acid!
The acid burns!
You die...

#.# #.# #.............###. #.#
#.# #.###.########.#.# ..# #.#
#.# #.# #..#. ### #.# #)# #.#
#..#. #.# #.# #)# #..#. #.#
#.# #.# #####..#. ## #.# #.#
#.# #........ .# #.# #.# #.#
#.###..## .# #)# #@# #.# #.#
#.... .# #.##########J# #.#
#.# #.### .# #........[..o#
#.# #.# #.# .#
##..#######.>.###.####.###.###
.###...# #.....##....[#.......
.##....##
#...........###.#####
.##.....#####.....####...#.##
.................## #..#.#.##
###.#...##########
#.#####.####


You could see a jelly and an orc.

Vanquished Creatures
  2 orc wizards (D:2)
  An adder (D:2)
  An ooze (D:1)
  2 worms
  3 dart slugs
  2 leopard geckos
  10 orcs
  3 giant cockroaches
  A goblin (D:2)
  7 hobgoblins
  A ball python (D:1)
  7 bats
  3 frilled lizards
  7 kobolds
  2 rats
52 creatures vanquished.

Notes
Turn   | Place    | Note
-------+----------+-------------------------------------------
     0 | D:1      | DildoBatman the Formicid Enchanter began the quest for the Orb.
     0 | D:1      | Reached XP level 1. HP: 13/13 MP: 3/3
    43 | D:1      | Reached skill level 1 in Fighting
   128 | D:1      | Reached XP level 2. HP: 21/21 MP: 3/5
   885 | D:1      | Reached XP level 3. HP: 27/28 MP: 6/6
   895 | D:1      | Learned a level 3 spell: Confuse
  1032 | D:2      | Found a sacrificial altar of Ru.
  1348 | D:2      | Reached XP level 4. HP: 35/35 MP: 5/7
  1356 | D:2      | Reached skill level 1 in Armour
  1356 | D:2      | Reached skill level 4 in Stealth
  1737 | D:2      | Found a faded altar of an unknown god.
  1811 | D:2      | Reached XP level 5. HP: 36/41 MP: 5/8
  2458 | D:3      | Found a white marble altar of Elyvilon.
  3123 | D:3      | Splashed by a jelly's acid

Skill      XL: |  1  2  3  4  5 |
---------------+----------------+-----
Fighting       | 1 2 3 |  3.1
Dodging        | 2 |  2.0
Armour         | 2 3 |  3.0
Stealth        | 4 |  4.3
Short Blades   | |  1.0
Spellcasting   | |  2.1
Hexes          | |  3.6

Action                   |  1- 3 |  4- 6 || total
-------------------------+-------+-------++-------
Melee: Dagger            |    41 |       ||    41
       Whip              |    47 |    87 ||   134
       Mace              |       |    36 ||    36
 Cast: Corona            |    24 |    28 ||    52
 Stab: Sleeping          |     3 |       ||     3
  Eat: Chunk             |     2 |     6 ||     8
Armor: Robe              |    30 |       ||    30
       Ring mail         |       |    35 ||    35
Dodge: Dodged            |    74 |    69 ||   143
